 Dungeon Crawl Stone Soup version 0.31.0-32-g396128a36d (webtiles) character file.

Game seed: 3065857641058805500

99891 Curundu the Severer (level 15, -2/211 HPs)
             Began as a Minotaur Berserker on Mar 26, 2024.
             Was a High Priest of Trog.
             Slain by a deep elf zephyrmancer
             ... wielding a +1 long sword of electrocution
              (7 damage)
             ... while paralysed by an air elemental
             ... on level 1 of the Elven Halls.
             The game lasted 01:26:25 (24836 turns).

Curundu the Severer (Minotaur Berserker)           Turns: 24836, Time: 01:26:27

Health: -2/211     AC: 26    Str: 35    XL:     15   Next: 79%
Magic:  14/14      EV:  2    Int:  4    God:    Trog [*****.]
Gold:   1438       SH:  0    Dex: 10    Spells: 14/14 levels left

rFire   . . .        U - +3 broad axe
rCold   + . .        t - +5 kite shield
rNeg    . . .        S - +5 plate armour {rC+}
rPois   .            (helmet restricted)
rElec   .            a - scarf {repulsion}
rCorr   .            z - +1 pair of gloves
SInv    .            J - +0 pair of boots
Will    ++...        m - amulet of reflection Stlth
                     j - ring of willpower
HPRegen 0.55/turn    w - +6 ring of strength
MPRegen 0.14/turn

%: repel missiles, reflection
@: paralysed, berserking
A: horns 2, retaliatory headbutt
a: Renounce Religion, Berserk, Trog's Hand, Brothers in Arms


You were on level 1 of the Elven Halls.
You worshipped Trog.
Trog was extremely pleased with you.
You visited 4 branches of the dungeon, and saw 23 of its levels.
You also visited: Ossuary and Gauntlet.

You collected 2188 gold pieces.
You spent 750 gold pieces at shops.

Inventory:

Hand Weapons
 v - a +1 spectral war axe
 B - a +3 war axe of flaming
 U - a +3 broad axe (weapon)
Missiles
 b - 20 boomerangs
 l - a throwing net (quivered)
Armour
 a - a scarf of repulsion (worn)
 t - a +5 kite shield (worn)
 z - a +1 pair of gloves (worn)
 J - a +0 pair of boots (worn)
 S - a +5 plate armour of cold resistance (worn)
Jewellery
 h - a ring of flight
 j - a ring of willpower (left hand)
 m - an amulet of reflection (around neck)
 q - a +5 ring of evasion
 w - a +6 ring of strength (right hand)
 y - an amulet of the acrobat
 M - the ring "Xeomm" {rPois rN+ rCorr}
   (You found it in a Gauntlet)

   [ring of poison resistance]

   rPois:     It protects you from poison rN+: It protects you from negative
   energy.
   rCorr:     It protects you from acid and corrosion.
 O - the ring of Rootz {^Drain rC+ Dex+4 Slay+2 SInv}
   (You took it off a minotaur in a Gauntlet)

   [ring of protection from cold]

   Dex+4:     It affects your dexterity (+4).
   Slay+2:    It affects your accuracy & damage with ranged weapons and melee
   (+2).
   rC+:       It protects you from cold.
   SInv:      It lets you see invisible.
   ^Drain:    It drains your maximum health when unequipped.
 R - the ring of Wiele {Will++ Dex+6}
   (You found it in a Gauntlet)

   [ring of dexterity]

   Dex+6:     It affects your dexterity (+6).
   Will++:    It greatly increases your willpower.
 X - a ring of poison resistance
Wands
 d - a wand of roots (22)
 e - a wand of mindburst (5)
 A - a wand of flame (28)
 C - a wand of paralysis (13)
 D - a wand of acid (8)
Scrolls
 c - 4 scrolls of blinking
 f - 9 scrolls of teleportation
 g - a scroll of vulnerability
 p - a scroll of torment
 u - 4 scrolls of revelation
 x - a scroll of immolation
 F - 5 scrolls of identify
 L - a scroll of butterflies
Potions
 i - a potion of berserk rage
 k - 15 potions of curing
 n - a potion of heal wounds
 o - a potion of invisibility
 r - 3 potions of mutation
 s - 2 potions of haste
 E - a potion of resistance
 G - 6 potions of lignification
 V - a potion of might
Miscellaneous
 P - a phial of floods
 Q - a sack of spiders


   Skills:
 + Level 15.5 Fighting
 + Level 19.7 Axes
 + Level 5.2 Throwing
 + Level 16.0 Armour
 + Level 5.9 Dodging
 + Level 3.7 Stealth
 + Level 14.4 Shields


You had 14 spell levels left.
You didn't know any spells.
Your spell library was empty.

Dungeon Overview and Level Annotations

Branches:
Dungeon (15/15)            Temple (0/1) D:6            Lair (5/5) D:9
 Shoals (0/4) Lair:3       Spider (0/4) Lair:2        Slime (0/5) Lair:4
    Orc (2/2) D:12            Elf (1/3) Orc:2        Vaults (0/5) D:14
 Depths (0/4) D:15        Ossuary (visited)         Gauntlet (visited)

Altars:
Ashenzari
Dithmenos
Fedhas
Gozag
Makhleb
Nemelex Xobeh
Okawaru
Ru
Sif Muna
Uskayaw
Vehumet
Wu Jian
Zin
Jiyva

Shops:
D:2 :[!   D:14 [   Orc:2 (*:

Portals:
Trove: D:10 (show slimy rune of Zot)

Annotations:
D:6 2 transporters, community's ghost, novice KoBr


Innate Abilities, Weirdness & Mutations

You have a pair of horns on your head.
You reflexively headbutt those who attack you in melee.


Message History

You block the deep elf elementalist's attack.
You block the +3 heavy glaive's attack.
There is an open translucent door here.
You see here a +6 vampiric scimitar.
Unknown command.
You carve the deep elf elementalist like a ham!!!
The deep elf elementalist is severely wounded.
You block the deep elf elementalist's attack.
Unknown command.
You closely miss the deep elf elementalist.
You headbutt the deep elf elementalist!
The deep elf elementalist is almost dead.
The deep elf zephyrmancer mumbles some strange words.
The deep elf zephyrmancer blinks!
The +3 heavy glaive hits you but does no damage.
The deep elf elementalist hits you with a +0 dagger!
* * * LOW HITPOINT WARNING * * *
You slice the deep elf elementalist like a ripe choko!!!
You feel the power of Trog in you as your rage grows.
You kill the deep elf elementalist!
Trog accepts your kill.
Trog appreciates your killing of a magic user.
You block the air elemental's attack.
The deep elf zephyrmancer gestures wildly while chanting.
The deep elf zephyrmancer blinks!
You closely miss the air elemental. You slash the deep elf zephyrmancer!
The air elemental fires a burst of electricity at you.
The stunning burst hits you but does no damage.
You suddenly lose the ability to move!
The +5 short sword of venom is engulfed in blazing flames.
The +3 heavy glaive hits you from afar!!
* * * LOW HITPOINT WARNING * * *
The air elemental hits you.
* * * LOW HITPOINT WARNING * * *
The +5 short sword of venom is engulfed in blazing flames.
The air elemental hits you but does no damage.
The deep elf zephyrmancer mumbles some strange words.
The deep elf zephyrmancer blinks!
The deep elf zephyrmancer hits you with a +1 long sword of electrocution!
You die...

#........#####....
..#####........>. #
#)# #..........##.# .
#.###......e.......
.. #.##...........#
..# ...))........§.#
○...
#.##...........##
E○..
................##E(#
#..........[..§.@Ee#
#.###........).e##(.#
#.# ###.#.####..#
.... #.# #.#.# #)...#
.... #.# #.#.#
#.##..# ..# ... ...#
#.# #..# .. #.# ...
..# #.# . #.# .# ^.#
.


You could see a deep elf pyromancer, 2 deep elf zephyrmancers, 2 fire
elementals, an air elemental and 2 dancing weapons.

Vanquished Creatures
  A deep elf elementalist (Elf:1)
  A stone giant (D:15)
  Nessos (D:12)
  A minotaur (Gauntlet)
  A dire elephant (Lair:5)
  A fire dragon (D:15)
  4 vault guards (D:14)
  A hydra (Lair:5)
  4 catoblepae
  6 centaur warriors
  A two-headed ogre (shapeshifter) (D:14)
  3 boulder beetles
  A two-headed ogre (Orc:2)
  4 dancing weapons (Elf:1)
  3 tengu warriors (D:15)
  9 death yaks (Lair:5)
  A fire crab (Gauntlet)
  A sixfirhy (Gauntlet)
  8 skeletal warriors
  A pharaoh ant (Lair:2)
  A skyshark (Lair:4)
  An obsidian statue (Gauntlet)
  A deep elf archer (Elf:1)
  2 deep elf zephyrmancers (Elf:1)
  6 deep elf pyromancers
  4 orc knights (Orc:2)
  Maurice (D:9)
  6 orc sorcerers (Orc:2)
  11 ugly things
  8 manticores
  3 cyclopes
  2 black mambas
  9 elephants
  A merfolk siren (Lair:3)
  A black mamba (shapeshifter) (D:15)
  3 kobold blastminers (Orc:1)
  The ghost of mrw3rdna the Chopper, a novice MiFi (D:4)
  15 cane toads
  A torpor snail (Lair:5)
  7 rime drakes
  Jeremiah (D:6)
  5 gargoyles
  9 komodo dragons
  2 efreet (D:14)
  2 unseen horrors
  A freezing wraith (D:15)
  5 tengu conjurers
  3 trolls
  6 polar bears
  3 hornets
  Grinder (D:4)
  12 blink frogs
  6 slime creatures
  2 air elementals (Elf:1)
  A water elemental (Elf:1)
  Sigmund (D:5)
  A shadow (D:9)
  A vampire (D:14)
  Eustachio (D:4)
  49 yaks
  Grum (D:9)
  3 wraiths
  3 fire bats (Gauntlet)
  7 wyverns
  A fire elemental (Elf:1)
  6 basilisks
  9 wargs
  A redback (Lair:2)
  Menkaure (D:5)
  An acid dragon (D:12)
  11 water moccasins
  7 ice beasts
  7 black bears
  34 orc warriors
  2 sky beasts (D:8)
  2 laughing skulls (D:15)
  16 wolves
  A black bear (shapeshifter) (D:13)
  6 ogres
  9 centaurs (D:12)
  Blork the orc (D:4)
  4 kobold brigands
  13 bullfrogs
  A gnoll sergeant (D:12)
  An earth elemental (Elf:1)
  10 scorpions
  16 wights
  4 water moccasin zombies (Ossuary)
  A burial acolyte (Ossuary)
  6 killer bees (D:7)
  5 howler monkeys
  2 bombardier beetles
  8 electric eels
  2 hounds
  3 jellies
  11 orc priests
  3 gnoll boudas
  A spectral scorpion (Ossuary)
  A sleepcap (D:6)
  Ijyb (D:4)
  24 orc wizards
  2 crocodile zombies (Ossuary)
  4 mummies
  Robin (D:4)
  17 gnolls
  10 adders
  A shadow imp (D:5)
  6 white imps
  6 ufetubi
  2 adder zombies (Ossuary)
  2 ribbon worms
  94 orcs
  6 bats
  3 endoplasms
  A giant cockroach (D:1)
  10 gnoll zombies (Ossuary)
  16 goblins
  9 hobgoblins
  8 jackals (D:2)
  3 quokkas
  12 ball pythons
  2 frilled lizards
  2 hobgoblin zombies (D:4)
  3 jackal zombies (Ossuary)
  20 kobolds
  6 orc zombies
  5 rats
746 creatures vanquished.

Vanquished Creatures (others)
  A vampire (D:12)
  A water moccasin (Lair:5)
  An orc wizard (Orc:2)
  2 spectral weapons (D:14)
5 creatures vanquished.

Grand Total: 751 creatures vanquished

Notes
Turn   | Place    | Note
-------+----------+-------------------------------------------
     0 | D:1      | Curundu the Minotaur Berserker began the quest for the Orb.
     0 | D:1      | Reached XP level 1. HP: 19/19 MP: 0/0
   235 | D:1      | Reached XP level 2. HP: 27/27 MP: 1/1
   257 | D:1      | Reached skill level 4 in Axes
   809 | D:2      | Found Pyliorok's Armour Emporium.
   867 | D:2      | Found a faded altar of an unknown god.
   954 | D:2      | Found Uqih's Distillery.
   961 | D:2      | Reached XP level 3. HP: 33/33 MP: 2/2
  1099 | D:2      | Reached ** piety under Trog
  1273 | D:2      | Found Fevvoh's Book Boutique.
  1692 | D:3      | Reached skill level 5 in Axes
  1692 | D:3      | Reached XP level 4. HP: 40/40 MP: 3/3
  1812 | D:3      | Found an opulent altar of Gozag.
  2054 | D:3      | Found a broken altar of Ashenzari.
  2355 | D:4      | Reached XP level 5. HP: 47/47 MP: 4/4
  2360 | D:4      | Reached skill level 6 in Axes
  2360 | D:4      | Noticed Blork the orc
  2378 | D:4      | Killed Blork the orc
  2379 | D:4      | Reached XP level 6. HP: 22/53 MP: 5/5
  2513 | D:4      | Reached *** piety under Trog
  2520 | D:4      | Identified the +0 helmet "Agromias" {^Drain Regen+ Slay+6
                  | SInv}
  2520 | D:4      | Noticed Robin
  2540 | D:4      | Killed Robin
  2629 | D:4      | Found a runed translucent door.
  2630 | D:4      | Noticed mrw3rdna's ghost (novice MiFi)
  2645 | D:4      | Killed mrw3rdna's ghost
  2646 | D:4      | Reached skill level 5 in Fighting
  2646 | D:4      | Reached skill level 8 in Axes
  2646 | D:4      | Reached XP level 7. HP: 61/61 MP: 6/6
  2816 | D:4      | Reached skill level 5 in Armour
  2938 | D:4      | Noticed Grinder
  2946 | D:4      | Killed Grinder
  2979 | D:4      | Reached skill level 9 in Axes
  2979 | D:4      | Reached XP level 8. HP: 58/70 MP: 7/7
  3059 | D:4      | Found a shimmering blue altar of Sif Muna.
  3168 | D:4      | Noticed Ijyb
  3168 | D:4      | Noticed Eustachio
  3173 | D:4      | Killed Ijyb
  3199 | D:4      | Killed Eustachio
  3324 | D:5      | Entered Level 5 of the Dungeon
  3369 | D:5      | Noticed Sigmund
  3380 | D:5      | Killed Sigmund
  3381 | D:5      | Reached skill level 10 in Axes
  3381 | D:5      | Reached skill level 1 in Shields
  3394 | D:5      | Noticed Menkaure
  3401 | D:5      | Killed Menkaure
  3838 | D:5      | Found a radiant altar of Vehumet.
  4221 | D:6      | Found a sand-covered staircase.
  4230 | Ossuary  | Entered an ossuary
  4266 | Ossuary  | Reached skill level 1 in Stealth
  4266 | Ossuary  | Reached XP level 9. HP: 65/79 MP: 8/8
  4323 | Ossuary  | Reached **** piety under Trog
  4356 | Ossuary  | Reached skill level 11 in Axes
  4849 | D:6      | Found a transporter.
  4850 | D:6      | Noticed community's ghost (novice KoBr)
  4857 | D:6      | Found a transporter.
  4905 | D:6      | Identified the +6 falchion of Fedhas's Regard {pain, rElec
                  | MP+9 Str+6 Stlth-}
  4944 | D:6      | Found a staircase to the Ecumenical Temple.
  5206 | D:6      | Noticed Jeremiah
  5342 | D:6      | Reached skill level 12 in Axes
  5429 | D:6      | Killed Jeremiah
  5430 | D:6      | Reached skill level 1 in Throwing
  5686 | D:6      | Found a sparkling altar of Nemelex Xobeh.
  6205 | D:7      | Found an iron altar of Okawaru.
  6475 | D:7      | Reached XP level 10. HP: 86/88 MP: 9/9
  6831 | D:7      | Found a sacrificial altar of Ru.
  7046 | D:8      | Noticed a gargoyle
  7048 | D:8      | Killed a gargoyle
  7060 | D:8      | Noticed a gargoyle
  7063 | D:8      | Killed a gargoyle
  7069 | D:8      | Noticed a gargoyle
  7071 | D:8      | Killed a gargoyle
  7072 | D:8      | Reached skill level 13 in Axes
  7089 | D:8      | Noticed a gargoyle
  7092 | D:8      | Killed a gargoyle
  7288 | D:8      | Reached ***** piety under Trog
  7478 | D:8      | Found a glowing silver altar of Zin.
  7644 | D:8      | Found a burning altar of Makhleb.
  7720 | D:9      | Noticed Grum
  7730 | D:9      | Killed Grum
  7918 | D:9      | Found a blossoming altar of Fedhas.
  7930 | D:9      | Reached XP level 11. HP: 83/95 MP: 10/10
  7971 | D:9      | Found a hide-covered altar of Uskayaw.
  7990 | D:9      | Noticed Maurice
  8000 | D:9      | Maurice stole 13 boomerangs
  8003 | D:9      | Killed Maurice
  8009 | D:9      | Reached skill level 14 in Axes
  8009 | D:9      | Reached skill level 5 in Shields
  8166 | D:9      | Found an ornate altar of the Wu Jian Council.
  8207 | D:9      | Reached skill level 10 in Armour
  8255 | D:9      | Found a staircase to the Lair.
  8266 | D:9      | Reached skill level 5 in Dodging
  8846 | D:10     | Entered Level 10 of the Dungeon
  9126 | D:10     | Found a shadowy altar of Dithmenos.
 10445 | D:10     | Found a portal to a secret trove of treasure.
 10533 | D:10     | Reached skill level 5 in Throwing
 10735 | D:11     | Noticed a green ugly thing
 10742 | D:11     | Killed a green ugly thing
 11107 | D:11     | Reached skill level 15 in Axes
 11279 | D:11     | Noticed a red ugly thing
 11290 | D:11     | Killed a red ugly thing
 11291 | D:11     | Reached XP level 12. HP: 50/106 MP: 11/11
 11705 | D:12     | Reached skill level 10 in Fighting
 11803 | D:12     | Noticed Nessos
 11815 | D:12     | Killed Nessos
 11815 | D:12     | Received a gift from Trog
 11957 | D:12     | Found a staircase to the Orcish Mines.
 12661 | D:13     | Reached skill level 16 in Axes
 12829 | D:13     | Noticed a centaur warrior
 12838 | D:13     | Killed a centaur warrior
 12928 | D:13     | Found a gate leading to a gauntlet.
 12988 | Gauntlet | Entered a Gauntlet
 12988 | Gauntlet | Found a transporter.
 13219 | Gauntlet | Found a transporter.
 13221 | Gauntlet | Found a transporter.
 13221 | Gauntlet | Found a transporter.
 13223 | Gauntlet | Noticed a blizzard demon
 13225 | Gauntlet | Identified the ring "Xeomm" {rPois rN+ rCorr}
 13234 | Gauntlet | Found a transporter.
 13240 | Gauntlet | Found a transporter.
 13255 | Gauntlet | Found a transporter.
 13313 | Gauntlet | Found a transporter.
 13350 | Gauntlet | Found a transporter.
 13362 | Gauntlet | Identified the ring of Rootz {^Drain rC+ Dex+4 Slay+2 SInv}
 13362 | Gauntlet | Noticed a minotaur
 13373 | Gauntlet | Killed a minotaur
 13475 | Gauntlet | Identified the ring of Wiele {Will++ Dex+6}
 13475 | Gauntlet | Identified the +0 chain mail "Lyizourgh" {Rampage rF- Str+3
                  | Dex+3}
 13740 | D:14     | Found Coxkareomo's Armour Boutique.
 13754 | D:14     | Bought a +4 plate armour of cold resistance for 750 gold
                  | pieces
 13815 | D:14     | Reached XP level 13. HP: 72/116 MP: 12/12
 14317 | D:14     | Found a gate to the Vaults.
 14339 | D:14     | Reached skill level 17 in Axes
 15168 | D:14     | Received a gift from Trog
 15463 | D:15     | Entered Level 15 of the Dungeon
 15547 | D:15     | Noticed a fire dragon
 15562 | D:15     | Killed a fire dragon
 15696 | D:15     | Found a staircase to the Depths.
 15696 | D:15     | Noticed a stone giant
 15707 | D:15     | Killed a stone giant
 15989 | D:15     | Reached XP level 14. HP: 60/127 MP: 13/13
 16229 | D:15     | Reached skill level 18 in Axes
 17117 | Lair:1   | Entered Level 1 of the Lair of Beasts
 17127 | Lair:1   | Reached skill level 15 in Armour
 17181 | Lair:1   | Reached skill level 10 in Shields
 17441 | Lair:1   | You fall into a shaft and drop 1 floor!
 17441 | Lair:2   | Found a hole to the Spider Nest.
 17841 | Lair:1   | Found a dark tunnel.
 18345 | Lair:2   | Received a gift from Trog
 19016 | Lair:3   | Found an ornate altar of the Wu Jian Council.
 19809 | Lair:3   | Found a staircase to the Shoals.
 20253 | Lair:4   | Found a viscous altar of Jiyva.
 20254 | Lair:4   | Found a staircase to the Slime Pits.
 20534 | Lair:5   | Entered Level 5 of the Lair of Beasts
 20686 | Lair:5   | Reached skill level 19 in Axes
 20754 | Lair:5   | Reached XP level 15. HP: 139/139 MP: 14/14
 21241 | Lair:5   | Found the crystal ball of Wucad Mu {*channel}
 21485 | Lair:5   | Received a gift from Trog
 22767 | Orc:1    | Entered Level 1 of the Orcish Mines
 22885 | Orc:1    | Reached skill level 15 in Fighting
 23130 | Orc:2    | Entered Level 2 of the Orcish Mines
 23358 | Orc:2    | Received a gift from Trog
 23764 | Orc:2    | Found Gyclo Hiotu's Book Boutique.
 24063 | Orc:2    | Found Ipysm's Weapon Shop.
 24078 | Orc:2    | Found Nuoking's General Store.
 24150 | Orc:2    | Found a staircase to the Elven Halls.
 24319 | Elf:1    | Entered Level 1 of the Elven Halls
 24357 | Elf:1    | Received a gift from Trog
 24546 | Elf:1    | Paralysed by an air elemental for 1 turns
 24664 | Elf:1    | Paralysed by an air elemental for 1 turns
 24669 | Elf:1    | Paralysed by an air elemental for 1 turns
 24824 | Elf:1    | Paralysed by an air elemental for 1 turns
 24828 | Elf:1    | Paralysed by an air elemental for 1 turns
 24835 | Elf:1    | Paralysed by an air elemental for 1 turns
 24835 | Elf:1    | HP: 8/211 [+3 heavy glaive (26)]
 24836 | Elf:1    | Slain by a deep elf zephyrmancer

Illustrated notes

Levels and vault maps discovered:
D:1:      dpeg_arrival_subterranean_lakeside_camping, layout_basic
D:2:      minmay_inner_zag, layout_loops_ring,
          nicolae_ecumenical_snake_handling, serial_shops,
          nicolae_shop_tiny_waterfront, shop, nicolae_shop_rolling_square
D:3:      layout_basic, nicolae_ashenzari_panopticon,
          nicolae_overflow_hidden_temple
D:4:      layout_rooms, old_standard_altar, serial_glass, glass_columns_a,
          glass_columns_b, gammafunk_ghost_grave, minmay_mini_ossuary,
          uniq_ijyb, uniq_grinder, uniq_blork_the_orc, uniq_eustachio,
          uniq_robin
D:5:      layout_loops_corners, lemuel_doored_altar, uniq_menkaure, uniq_sigmund
D:6:      layout_cave_pods, nemelex_spade_bored_becter,
          minmay_temple_entry_slanted, gammafunk_ghost_arena,
          gup_ossuary_entry_pyramid, serial_bayou, serial_bayou_pond_e,
          serial_bayou_pond_b, serial_bayou_pond_e, serial_bayou_crossing,
          serial_bayou_pond_d, serial_bayou_pond_a, uniq_jeremiah
D:7:      layout_loops_ring, okawaru_gym_becter, general_overflow_altar,
          dreamdust_mushroom_princess, st_stairs_8
D:8:      cheibrodos_statue_roulette, layout_loops_ring, zin_academy,
          makhleb_blood_cavern_becter, special_room [special_room_orc]
D:9:      layout_rooms, marbit_many_paths, mainiacjoe_overflow_big_doors,
          david_lair_shrubbed, serial_ice, serial_ice_d, serial_ice_n,
          serial_ice_o, serial_ice_e, serial_ice_i, serial_ice_f, uniq_maurice,
          uniq_grum
D:10:     layout_basic, nicolae_dithmenos_through_a_glass_darkly, enter_trove_3
D:11:     layout_roguey
D:12:     layout_cave_pods, hiddenorc1_lemuel, grunt_decor_resistance,
          uniq_nessos
D:13:     layout_big_octagon, gauntlet_entry_generic, drop_trap
D:14:     layout_gridville, lightli_vaults_fourway_checkpoint, serial_shops,
          shop
D:15:     grunt_enter_depths_snipers, layout_basic, nrook_uturn
Lair:1:   layout_regular_city, enter_volcano_4, minmay_holes,
          serial_bayou_pond_b, hangedman_lair_generics_rect
Lair:2:   layout_long_grid, nicolae_spider_entry_lesser_pyramids,
          grunt_megastairs_1, lemuel_fruit_tree, serial_bayou_shore_b
Lair:3:   layout_cave_pods, minmay_shoals_entry_lonely_mermaid, basic_altar,
          beast_lair_carwin_7
Lair:4:   layout_roguey, slime_entry_1
Lair:5:   evilmike_catoblepas_cave, layout_regular_city,
          nicolae_lair_lakeside_cave, grunt_megastairs_2
Orc:1:    layout_caves, nicolae_orc_hostile_takeover
Orc:2:    st_orc_town, layout_caves
Elf:1:    layout_loops_ring, nicolae_elf_crossing_hall

Skill      XL: |  1  2  3  4  5  6  7  8  9 10 11 12 13 14 15 |
---------------+----------------------------------------------+-----
Axes           | 4 5 6 8 9 10 12 13 15 16 17 19 | 19.7
Fighting       | 4 5 6 7 8 9 11 12 14 15 | 15.5
Armour         | 3 4 5 6 8 9 12 13 14 15 16 | 16.0
Dodging        | 3 4 5 |  5.9
Shields        | 2 3 4 5 7 9 12 14 | 14.4
Stealth        | 1 2 3 |  3.7
Throwing       | 2 4 5 |  5.2

Action                     |  1- 3 |  4- 6 |  7- 9 | 10-12 | 13-15 || total
---------------------------+-------+-------+-------+-------+-------++-------
  Melee: Hand axe          |   108 |    50 |       |       |       ||   158
         Headbutt          |     8 |    11 |    45 |    76 |   207 ||   347
         Punch             |     1 |     2 |     8 |     5 |       ||    16
         War axe           |       |    46 |   283 |   389 |    61 ||   779
         Broad axe         |       |       |       |       |   821 ||   821
  Throw: Boomerang         |       |       |    19 |     9 |       ||    28
 Invoke: Berserk           |       |     2 |     2 |     5 |     7 ||    16
         Trog's Hand       |       |     1 |     9 |     7 |    11 ||    28
    Use: Scroll            |       |       |    20 |     9 |     9 ||    38
         Potion            |       |       |       |     1 |     4 ||     5
   Stab: Distracted        |       |       |       |     2 |     4 ||     6
         Petrified         |       |       |       |       |     1 ||     1
 Armour: Animal skin       |    18 |       |       |       |       ||    18
         Chain mail        |    70 |    62 |   195 |    55 |       ||   382
         Plate armour      |       |       |       |   255 |   444 ||   699
  Dodge: Dodged            |    68 |    39 |   106 |   174 |   224 ||   611
         Repelled          |       |       |     2 |     9 |     9 ||    20
  Block: Other             |       |       |    60 |    62 |     7 ||   129
         Reflection        |       |       |     2 |     5 |    46 ||    53
         Kite shield       |       |       |       |       |   913 ||   913
